 Dungeon Crawl Stone Soup version 0.19.5 (webtiles) character file.

629743 Jerry the Impregnable (level 27, -3/250 HPs)
             Began as a Minotaur Gladiator on Apr 3, 2017.
             Was the Champion of Dithmenos.
             Slain by a vault guard
             ... wielding a +0 dire flail
              (21 damage)
             ... on level 5 of the Vaults.
             The game lasted 06:26:07 (61267 turns).

Jerry the Impregnable (Minotaur Gladiator)         Turns: 61267, Time: 06:26:08

Health: -3/250     AC: 40    Str: 29    XL:     27
Magic:  34/34      EV: 27    Int: 11    God:    Dithmenos [******]
Gold:   2278       SH:  0    Dex: 19    Spells: 6 memorised, 9 levels left

rFire  + + +     SeeInvis +     t - +9 great sword (freeze)
rCold  + + .     Gourm    .     I - +10 pearl dragon scales
rNeg   + + +     Faith    .     (shield currently unavailable)
rPois  +         Spirit   .     c - +2 hat
rElec  +         Reflect  .     j - +1 cloak of Twilight {rN+}
rCorr  +         Harm     .     a - +0 pair of gloves of the Cicada {-Cast rElec Regen+ rCorr}
MR     ++...     NoCast   +     r - +2 pair of boots {Stlth+}
Stlth  +++++++++.               U - amulet "Loicwoalosi" {+Rage rF+++ rN+ MR- Str-2}
                                Z - ring of Toenum {rPois rF+ rC+ Int+3}
                                H - ring "Xioc" {rPois MR+ SInv}

@: mighty, about to teleport, very slightly contaminated, hasted, wreathed by
umbra, very quick
A: retaliatory headbutt, fangs 1, horns 2, talons 1, iridescent scales 1, slimy
green scales 1, thin skeletal structure 1, blurry vision 1, cold resistance 1,
deformed body, high mp 1, strong 1, evolution 1
a: Shadow Step, Shadow Form, Renounce Religion, Evoke Berserk Rage
}: 2/15 runes: decaying, gossamer


You were on level 5 of the Vaults.
You worshipped Dithmenos.
Dithmenos was exalted by your worship.
You were hungry.

You visited 9 branches of the dungeon, and saw 45 of its levels.
You visited the Abyss 2 times.
You visited 1 bazaar.
You also visited: Labyrinth, Trove, Sewer, Ossuary, Bailey, Ice Cave and Wizlab.

You collected 7393 gold pieces.
You spent 5115 gold pieces at shops.

Inventory:

Hand Weapons
 t - a +9 great sword of freezing (weapon)
 u - a +3 short sword of speed
Missiles
 Q - a throwing net (quivered)
Armour
 a - the +0 pair of gloves of the Cicada (worn) {-Cast rElec Regen+ rCorr}
   (You found it on level 15 of the Dungeon)

   It insulates you from electricity.
   It prevents spellcasting.
   It increases your rate of regeneration.
   It protects you from acid and corrosion.
 c - a +2 hat (worn)
 j - the +1 cloak of Twilight (worn) {rN+}
   (You found it on level 3 of the Depths)

   It protects you from negative energy.
 r - a +2 pair of boots of stealth (worn)
 I - +10 pearl dragon scales (worn)
Jewellery
 b - a cursed -2 ring of protection
 H - the ring "Xioc" (left hand) {rPois MR+ SInv}
   (You bought it in a shop in a bazaar)

   [ring of poison resistance]

   It protects you from poison.
   It affects your resistance to hostile enchantments.
   It lets you see invisible.
 U - the amulet "Loicwoalosi" (around neck) {+Rage rF+++ rN+ MR- Str-2}
   (You took it off a deep elf demonologist on level 3 of the Elven Halls)

   [amulet of rage]

   It affects your strength (-2).
   It renders you almost immune to fire.
   It protects you from negative energy.
   It affects your resistance to hostile enchantments.
   It lets you go berserk.
 Z - the ring of Toenum (right hand) {rPois rF+ rC+ Int+3}
   (You found it in an ice cave)

   [ring of protection from cold]

   It affects your intelligence (+3).
   It protects you from fire.
   It protects you from cold.
   It protects you from poison.
Wands
 o - a wand of digging (12/24)
 J - a wand of hasting (6/9)
 N - a wand of teleportation (2/9)
Scrolls
 d - 3 scrolls of summoning
 l - 18 scrolls of remove curse
 p - 3 scrolls of blinking
 s - a scroll of recharging
 v - a scroll of amnesia
 x - 6 scrolls of fear
 z - 4 scrolls of identify
 B - a scroll of holy word
 F - 8 scrolls of fog
 G - 5 scrolls of enchant weapon
 K - 8 scrolls of magic mapping
 L - 3 scrolls of silence
 X - 14 scrolls of teleportation
Potions
 e - 8 potions of ambrosia
 g - a potion of resistance
 k - 4 potions of agility
 n - 19 potions of curing
 q - a potion of brilliance
 C - 7 potions of cancellation
 E - 9 potions of heal wounds
 M - a potion of flight
 P - 4 potions of invisibility
 R - 4 potions of might
 Y - 3 potions of cure mutation
Comestibles
 f - 19 bread rations
 h - 20 meat rations
 i - 17 slices of pizza
 m - 60 fruits
 w - 4 beef jerkies


   Skills:
 - Level 21.1 Fighting
 - Level 20.1 Long Blades
 - Level 2.0 Throwing
 - Level 23.1 Armour
 - Level 20.7 Dodging
 + Level 12.3 Stealth
 + Level 15.1 Transmutations
 + Level 15.1 Earth Magic
 - Level 12.8 Invocations
 + Level 7.2 Evocations


You had 9 spell levels left.
You knew the following spells:

 Your Spells              Type           Power        Failure   Level  Hunger
a - Animate Skeleton      Necr           N/A          58%         1    ##.....
b - Regeneration          Chrm/Necr      #.........   98%         3    ####...
c - Animate Dead          Necr           N/A          100%        4    #####..
d - Repel Missiles        Chrm/Air       #.....       82%         2    ###....
e - Statue Form           Tmut/Erth      ####.....    17%         6    #######
f - Apportation           Tloc           #.........   58%         1    ##.....


Dungeon Overview and Level Annotations

Branches:
Dungeon (15/15)            Temple (0/1) D:5            Lair (6/6) D:11
  Swamp (4/4) Lair:2       Spider (4/4) Lair:3        Slime (0/5) Lair:5
    Orc (2/2) D:12            Elf (3/3) Orc:2        Vaults (5/5) D:13
  Crypt (0/3) Vaults:3     Depths (5/5) D:15           Hell (1/1)
    Dis (0/7) Hell            Geh (0/7) Hell            Coc (0/7) Hell
    Tar (0/7) Hell            Zot (0/5) Depths:5

Altars:
Cheibriados
Dithmenos
Gozag
Hepliaklqana
Kikubaaqudgha
Nemelex Xobeh
Okawaru
Trog
Vehumet
Zin
The Shining One
Beogh
Jiyva

Shops:
D:4 !%:**   D:5 [   Orc:2 %}?[   Elf:1 =   Elf:2 }=}   Elf:3 *(!(   Vaults:2 (
Vaults:4 %   Depths:3 **[

Portals:
Hell: Depths:1 Depths:2 Depths:3 Depths:4 Depths:5
Abyss: Depths:1 Depths:2 Depths:4
Pandemonium: Depths:3
Ziggurat: Depths:5

Annotations:
Lair:3 Enroth's ghost, journeyman OgBe
Swamp:1 exclusion: Roxanne, Roxanne


Innate Abilities, Weirdness & Mutations

You reflexively headbutt those who attack you in melee.
You have a pair of horns on your head.
You have very sharp teeth.
You have sharp toenails.
You are partially covered in iridescent scales. (AC +2)
You are partially covered in slimy green scales. (AC +2)
You have a somewhat thin skeletal structure. (Dex +2, Stealth)
Scrolls take you a little longer to read.
Your flesh is cold resistant. (rC+)
Armour fits poorly on your strangely shaped body.
You have an increased reservoir of magic. (+10% MP)
Your muscles are strong. (Str +2)
You evolve.


Message History

Press: ? - help, Shift-Dir - straight line, f - you You feel strangely unstable.
This wand has 2 charges left.
The ironbrand convoker completely misses you.
You furiously retaliate!
You headbutt the ironbrand convoker!!
The ironbrand convoker points at the ironbrand convoker and mumbles some strange words.
The ironbrand convoker seems to grow stronger.
The deep troll misses you. You furiously retaliate!
You headbutt the deep troll.
You riposte.
You chop the deep troll into pieces!!! You freeze the deep troll!
You kill the deep troll!
Dithmenos accepts your kill.
The troll leather armour is intact enough to wear.
You slice the deep elf high priest!! You freeze the deep elf high priest.
You headbutt the deep elf high priest!
The deep elf high priest is severely wounded.
Your shadow closely misses the deep elf high priest.
The titan hits you!!!
* * * LOW HITPOINT WARNING * * *
The vault guard hits you with a dire flail!!
You die...

#^.#*,,,,,,,*,,,,,
#..#*,,..,,,**,,,,
#..#**...,,,,*,,,,
#..#*#...,,,,**,,,
#..##....,,,,,***,
#§.#...#*,,,,,,,**
#c§§..#*****,,,,,,
#Ce§.####*********
#@pp.....,,,,,,,,,
#pp......,,,,,,,,,
#########*********


You could see a titan, a yaktaur captain, a vault guard (invisible), a vault
sentinel, a deep elf high priest and 2 ironbrand convokers.

Vanquished Creatures
  Mennas (Depths:5)
  3 juggernauts
  3 ancient liches
  Sojobo (Depths:2)
  Boris (Vaults:5)
  Frederick (Depths:3)
  Saint Roka (Elf:2)
  Margery (Vaults:2)
  Xtahua (Vaults:2)
  A golden dragon (Vaults:5)
  Geryon (Hell)
  3 caustic shrikes (Depths:4)
  The ghost of et2088 the Executioner, an adept HOFi of Qazlal (Vaults:4)
  the Enchantress (Depths:5)
  Arachne (Spider:2)
  2 bone dragons (Depths:5)
  A hellephant (Depths:1)
  Jorgrun (Spider:2)
  The ghost of coldbreeze the Fencer, an adept HOGl of Makhleb (Vaults:1)
  6 liches
  2 tentacled monstrosities
  2 deep elf blademasters (Elf:3)
  2 quicksilver dragons
  2 deep elf master archers (Elf:3)
  5 sphinxes
  4 tentacled starspawn
  Kirke (Swamp:3)
  12 tengu reavers
  Agnes (Spider:2)
  2 azure jellies (Swamp:4)
  7 shadow dragons
  3 storm dragons
  16 fire giants
  5 iron dragons
  5 deep elf sorcerers
  Aizul (Depths:3)
  10 frost giants
  2 ghost moths
  15 vault wardens
  2 cacodemons
  Louise (Swamp:2)
  2 draconian shifters (Depths:5)
  A balrug (Hell)
  9 emperor scorpions
  6 reapers (Hell)
  10 spriggan defenders
  7 deep elf elementalists
  18 ironheart preservers
  3 vampire knights
  34 very ugly things
  3 war gargoyles
  The ghost of yann the Severer, a journeyman MiFi of Trog (Lair:4)
  5 entropy weavers
  22 stone giants
  The ghost of Schimscham the Tainter, a journeyman NaVM of Cheibriados (Lair:2)
  10 deep elf demonologists
  10 deep elf annihilators
  5 dire elephants (Depths:1)
  A yellow draconian (Depths:5)
  2 white draconians (Depths:5)
  2 lorocyprocas
  2 mottled draconians (Depths:5)
  14 spark wasps
  13 ettins
  An orange crystal statue (WizLab)
  Snorg (Orc:2)
  16 deep elf death magi
  A crystal guardian (Vaults:4)
  A merfolk impaler (Depths:1)
  A minotaur (Lab)
  12 fire dragons
  20 yaktaur captains
  6 great orbs of eyes
  A great orb of eyes (shapeshifter) (Abyss:3)
  5 deep elf high priests
  3 hell beasts (Hell)
  Erolcha (Orc:2)
  36 vault guards
  9 rakshasas
  7 spriggan air magi
  2 ghost crabs (Swamp:4)
  17 hydras
  19 ice dragons
  13 centaur warriors
  A hell hog (shapeshifter) (Depths:5)
  26 dancing weapons
  13 deep troll shamans
  7 alligators
  5 thrashing horrors
  2 death knights
  9 tengu warriors
  2 death yaks (IceCv)
  8 deep troll earth magi
  2 titan zombies
  7 hell hogs
  15 ogre magi
  2 vampire magi
  5 spriggan berserkers
  A storm dragon zombie (Hell)
  3 orc high priests (Orc:2)
  7 sun demons
  3 soul eaters (Hell)
  Sonja (D:15)
  30 deep elf knights
  25 hell knights
  2 fire crabs (shapeshifter)
  11 skeletal warriors
  A wretched star (Abyss:3)
  An iron troll (Depths:4)
  2 anaconda zombies (Hell)
  6 unseen horrors
  5 shadow wraiths
  4 glowing orange brains
  3 flayed ghosts
  32 deep trolls
  A torturous demonspawn (Depths:3)
  A spriggan druid (Swamp:4)
  3 swamp dragons
  A phantasmal warrior (Vaults:4)
  A shambling mangrove (Swamp:4)
  12 ironbrand convokers
  2 wizards
  11 necromancers
  2 harpies (shapeshifter)
  54 deep elf magi
  16 deep elf archers
  12 orc knights
  11 hill giants
  An anaconda skeleton (Hell)
  10 harpies (Vaults:2)
  A stone giant zombie (Depths:2)
  20 orb spiders
  2 wolf spider zombies (D:14)
  3 salamanders (Depths:3)
  66 ugly things
  28 wolf spiders
  A shining eye (shapeshifter) (Depths:2)
  2 mana vipers (shapeshifter) (Depths:3)
  A cyclops (shapeshifter) (Depths:4)
  7 manticores
  5 cyclopes
  A frost giant zombie (D:15)
  6 orc sorcerers
  2 moths of wrath
  19 elephants
  2 rust devils
  3 worldbinders
  A guardian serpent (shapeshifter) (Vaults:2)
  A spriggan zombie (Depths:2)
  3 black mambas
  A dire elephant zombie (Hell)
  A torpor snail (shapeshifter) (Depths:2)
  3 gargoyles
  12 vault sentinels
  A spriggan skeleton (D:15)
  2 ice statues
  8 smoke demons
  A hellion (Hell)
  3 centaur skeletons
  A spiny frog (shapeshifter) (Vaults:2)
  26 spiny frogs
  2 efreet
  10 freezing wraiths
  A komodo dragon (shapeshifter) (D:13)
  An ancient zyme (Abyss:2)
  20 demonic crawlers
  2 tormentors (Hell)
  2 kobold demonologists
  9 komodo dragons
  40 yaktaurs
  An ice devil (Depths:3)
  2 hydra zombies (Hell)
  2 hellwings
  4 red devils
  2 tengu conjurers
  11 tyrant leeches
  A troll (shapeshifter) (Elf:2)
  18 polar bears
  12 raiju
  A hornet (shapeshifter) (Depths:2)
  21 hornets
  36 jumping spiders
  7 trolls
  19 two-headed ogres
  27 blink frogs
  A sphinx simulacrum (Vaults:2)
  A hippogriff (shapeshifter) (Depths:5)
  A hydra skeleton (Hell)
  5 bog bodies
  A deep troll zombie (D:15)
  A fire dragon zombie (D:15)
  40 slime creatures
  9 dream sheep
  A human simulacrum (Vaults:1)
  2 raiju (shapeshifter)
  10 air elementals
  12 hippogriffs
  19 spriggans
  49 yaks
  57 redbacks
  12 water elementals
  4 ynoxinuls
  An alligator skeleton (Hell)
  7 large abominations
  40 tarantellas
  2 wyverns
  Eustachio (D:4)
  3 starcursed masses (Abyss:3)
  A fire bat (shapeshifter) (Depths:4)
  3 vampires (Vaults:3)
  6 basilisks
  4 shadows
  2 wraiths
  A basilisk (shapeshifter) (Depths:2)
  2 fire bats (Abyss:3)
  16 fire elementals
  2 hogs (Swamp:4)
  A hungry ghost (Lab)
  A human (shapeshifter) (Depths:3)
  4 chaos spawn
  A human (Vaults:1)
  19 vampire mosquitoes
  4 swamp worm simulacra (Swamp:4)
  2 wargs
  2 mottled dragons
  23 insubstantial wisps
  A soldier ant (D:15)
  A hell hound (Hell)
  13 water moccasins
  A spiny frog zombie (Hell)
  13 swamp worms
  21 hydra simulacra
  7 porcupines
  A hell hound (shapeshifter) (Depths:4)
  A floating eye (Depths:4)
  8 ice beasts
  11 sky beasts
  38 orc warriors
  2 swamp drakes
  An alligator simulacrum (Hell)
  A hornet zombie (D:6)
  An eye of draining (shapeshifter) (D:14)
  2 black bears
  A spiny frog skeleton (Hell)
  2 necrophages
  A tengu (shapeshifter) (Vaults:1)
  8 boggarts
  4 phantoms
  29 centaurs
  49 ogres
  25 wolves
  9 crocodiles
  18 big kobolds
  Blork the orc (D:4)
  22 bullfrogs
  2 wyvern zombies
  2 earth elementals
  A wyvern skeleton (D:13)
  7 scorpions
  3 wights (D:14)
  8 killer bees
  7 electric eels
  4 small abominations
  5 centaur zombies
  A bullfrog zombie (D:6)
  17 crimson imps
  A human zombie (Ossuary)
  3 quasits
  18 orc priests
  A wyvern simulacrum (D:14)
  6 bullfrog skeletons
  4 hounds
  2 iron imps (Depths:3)
  10 jellies
  24 orc wizards
  Jessica (D:5)
  3 iguanas
  8 worker ants
  2 big kobold zombies (Ossuary)
  4 mummies (Ossuary)
  A worker ant zombie (D:11)
  4 gnolls (D:6)
  18 adders
  2 howler monkey skeletons (D:6)
  2 river rats (Sewer)
  7 shadow imps
  3 white imps
  A worker ant simulacrum (D:11)
  2 ufetubi
  4 oozes
  4 swamp drake simulacra (Swamp:4)
  9 worms
  3 dart slugs
  4 leopard geckos
  92 orcs
  8 giant cockroaches
  10 goblins
  4 hobgoblins
  14 jackals
  5 quokkas
  5 ball pythons
  9 bats
  7 frilled lizards
  2 gnoll zombies (Ossuary)
  A goblin (shapeshifter) (Vaults:5)
  A goblin zombie (Ossuary)
  A jackal zombie (D:5)
  29 kobolds
  2 kobold zombies
  A leopard gecko skeleton (D:5)
  A quokka zombie (D:6)
  11 rats
  2 fungi
  5 starspawn tentacles (Abyss:2)
2431 creatures vanquished.

Vanquished Creatures (others)
  Asterion (Vaults:2)
  A shambling mangrove (Swamp:4)
  3 yaktaurs
  A jumping spider (Spider:4)
  A bog body (Swamp:4)
  A human (Swamp:4)
  A swamp drake (Swamp:4)
  A small abomination (Abyss:2)
  An ufetubus (Abyss:2)
  2 orcs
  2 bushes (Lair:2)
  11 fungi
  36 plants
  6 starspawn tentacles
  8 withered plants (D:15)
76 creatures vanquished.

Grand Total: 2507 creatures vanquished

Notes
Turn   | Place    | Note
-------+----------+-------------------------------------------
     0 | D:1      | Jerry the Minotaur Gladiator began the quest for the Orb.
     0 | D:1      | Reached XP level 1. HP: 18/18 MP: 0/0
   208 | D:1      | Reached XP level 2. HP: 23/25 MP: 1/1
   444 | D:1      | Reached skill level 1 in Armour
   446 | D:1      | Reached XP level 3. HP: 31/31 MP: 2/2
  1001 | D:2      | Reached skill level 5 in Long Blades
  1010 | D:2      | Reached XP level 4. HP: 20/38 MP: 3/3
  1279 | D:2      | Found a glowing silver altar of Zin.
  1283 | D:2      | Found a radiant altar of Vehumet.
  1283 | D:2      | Found a bloodstained altar of Trog.
  1789 | D:3      | Reached skill level 2 in Armour
  1836 | D:3      | Found a shadowy altar of Dithmenos.
  1843 | D:3      | Became a worshipper of Dithmenos the Shadowed
  2195 | D:3      | Reached XP level 5. HP: 38/46 MP: 4/4
  2310 | D:4      | Reached skill level 1 in Invocations
  2540 | D:4      | Found Kicyokam's Book Shop.
  2541 | D:4      | Found Suugimum's Distillery.
  2546 | D:4      | Found Mielunig's Food Emporium.
  2548 | D:4      | Bought a potion of curing for 33 gold pieces
  2563 | D:4      | Found Raokeiq's General Store.
  2586 | D:4      | Bought a scroll of fear for 42 gold pieces
  2586 | D:4      | Bought a potion of berserk rage for 60 gold pieces
  2622 | D:4      | Noticed Blork the orc
  2637 | D:4      | Killed Blork the orc
  2637 | D:4      | Reached XP level 6. HP: 37/52 MP: 4/6
  2727 | D:4      | Noticed Eustachio
  2750 | D:4      | Killed Eustachio
  2750 | D:4      | Reached skill level 3 in Armour
  2960 | D:4      | Found Oriymusi's Assorted Antiques.
  2979 | D:4      | Bought a scroll labeled DIWARAJEITA for 21 gold pieces
  2979 | D:4      | Bought a scroll of identify for 42 gold pieces
  3050 | D:4      | Noticed a sky beast
  3065 | D:4      | Killed a sky beast
  3065 | D:4      | Reached XP level 7. HP: 40/60 MP: 7/7
  3074 | D:4      | Gained mutation: You evolve. [mutagenic meat]
  3301 | D:5      | Entered Level 5 of the Dungeon
  3341 | D:5      | Reached skill level 5 in Fighting
  3367 | D:5      | Reached skill level 4 in Armour
  3400 | D:5      | Reached * piety under Dithmenos
  3462 | D:5      | Gained mutation: Your flesh is cold resistant. (rC+) [evolution]
  3564 | D:5      | Found Soniunka's Antique Armour Shop.
  3643 | D:5      | Found a sand-covered staircase.
  3685 | Ossuary  | Entered an ossuary
  3725 | Ossuary  | Reached skill level 5 in Armour
  3739 | Ossuary  | Reached XP level 8. HP: 70/70 MP: 9/9
  3818 | Ossuary  | Reached ** piety under Dithmenos
  3916 | D:5      | Found a staircase to the Ecumenical Temple.
  4049 | D:5      | Found a sparkling altar of Nemelex Xobeh.
  4049 | D:5      | Noticed Jessica
  4052 | D:5      | Killed Jessica
  4255 | D:6      | Found an iron altar of Okawaru.
  4314 | D:6      | Reached skill level 6 in Armour
  4474 | D:6      | Found a glowing drain.
  4479 | Sewer    | Entered a sewer
  4508 | Sewer    | Reached skill level 10 in Long Blades
  4620 | Sewer    | Reached *** piety under Dithmenos
  4635 | Sewer    | Reached XP level 9. HP: 79/79 MP: 10/10
  4973 | Sewer    | Reached skill level 7 in Armour
  5317 | D:6      | Reached skill level 1 in Evocations
  5392 | D:6      | Gained mutation: You have sharp toenails. [evolution]
  5395 | D:6      | Found a snail-covered altar of Cheibriados.
  5925 | D:7      | Reached **** piety under Dithmenos
  6190 | D:7      | Reached skill level 8 in Armour
  6350 | D:7      | Found an opulent altar of Gozag.
  6414 | D:7      | Gained mutation: Your mind is acute. (Int +2) [evolution]
  6655 | D:7      | Reached XP level 10. HP: 88/88 MP: 11/11
  7214 | D:8      | Reached skill level 5 in Dodging
  7231 | D:8      | Reached ***** piety under Dithmenos
  7514 | D:9      | Reached skill level 9 in Armour
  7881 | D:9      | Identified a scroll of acquirement
  7919 | D:9      | Learned a level 1 spell: Animate Skeleton
  7923 | D:9      | Learned a level 3 spell: Regeneration
  7928 | D:9      | Learned a level 4 spell: Animate Dead
  8127 | D:9      | Found a glowing golden altar of the Shining One.
  8217 | D:10     | Entered Level 10 of the Dungeon
  8710 | D:10     | Got a translucent long sword {drain}
  8711 | D:10     | Identified the +3 long sword "Voeraib" {drain, rC+ Int+2 Dex+3 SInv} (You took it off an orc on level 10 of the Dungeon)
  9119 | D:10     | Reached XP level 11. HP: 90/94 MP: 12/12
  9158 | D:10     | Reached skill level 10 in Armour
  9308 | D:11     | Learned a level 2 spell: Repel Missiles
  9332 | D:11     | Noticed a tengu reaver
  9333 | D:11     | Noticed a tengu reaver
  9358 | D:11     | Noticed a tengu warrior
  9358 | D:11     | Noticed a tengu warrior
  9681 | D:10     | Killed a tengu warrior
  9723 | D:11     | Found a radiant altar of Vehumet.
  9723 | D:11     | Found a sparkling altar of Nemelex Xobeh.
 10018 | D:10     | Killed a tengu reaver
 10091 | D:11     | Noticed a white ugly thing
 10201 | D:11     | Reached skill level 15 in Long Blades
 10263 | D:11     | Killed a white ugly thing
 10340 | D:11     | Reached skill level 11 in Armour
 10503 | D:11     | Killed a tengu warrior
 10590 | D:11     | Reached ****** piety under Dithmenos
 10593 | D:11     | Found a staircase to the Lair.
 10698 | D:12     | Found a staircase to the Orcish Mines.
 10719 | D:12     | Found a flagged portal.
 10728 | Bailey   | Entered a bailey
 10897 | Bailey   | Noticed an orc knight
 11293 | D:12     | Reached XP level 12. HP: 99/101 MP: 12/14
 11751 | D:12     | Reached skill level 5 in Invocations
 12020 | D:12     | Noticed a centaur warrior
 12040 | D:12     | Killed a centaur warrior
 12040 | D:12     | Reached skill level 12 in Armour
 12136 | D:12     | Noticed an ogre mage
 12150 | D:12     | Killed an ogre mage
 12223 | D:12     | Gained mutation: You have a somewhat thin skeletal structure. (Dex +2, Stealth) [evolution]
 12485 | Lair:1   | Entered Level 1 of the Lair of Beasts
 12995 | Lair:1   | Found a frozen archway.
 13008 | IceCv    | Entered an ice cave
 13095 | IceCv    | Reached skill level 10 in Dodging
 13177 | IceCv    | Reached XP level 13. HP: 107/107 MP: 16/16
 13598 | IceCv    | Noticed a frost giant
 13622 | IceCv    | Killed a frost giant
 13668 | IceCv    | Got a crude iron ring
 13671 | IceCv    | Identified the Almanac of Venom and Transmigration
 13679 | IceCv    | Identified the ring of Toenum {rPois rF+ rC+ Int+3} (You found it in an ice cave)
 14382 | Lair:2   | Found a radiant altar of Vehumet.
 14387 | Lair:2   | Reached skill level 13 in Armour
 14708 | Lair:2   | Reached skill level 10 in Fighting
 14898 | Lair:2   | Noticed Schimscham's ghost (journeyman NaVM)
 14917 | Lair:2   | Killed Schimscham's ghost
 14965 | Lair:2   | Found a staircase to the Swamp.
 15268 | Lair:3   | Found a hole to the Spider Nest.
 15303 | Lair:3   | Noticed Enroth's ghost (journeyman OgBe)
 16820 | Lair:4   | Noticed yann's ghost (journeyman MiFi)
 16858 | Lair:4   | Killed yann's ghost
 16963 | Lair:4   | Reached XP level 14. HP: 122/122 MP: 19/19
 17105 | Lair:4   | You fall through a shaft!
 17741 | Lair:4   | Got faintly glowing storm dragon scales
 17742 | Lair:4   | Identified the +6 storm dragon scales "Daqorch" {rElec Dex+2} (You acquired it on level 4 of the Lair of Beasts)
 18130 | Lair:5   | Reached skill level 14 in Armour
 18577 | Lair:5   | Found a viscous altar of Jiyva.
 18578 | Lair:5   | Found a staircase to the Slime Pits.
 18815 | Lair:6   | Entered Level 6 of the Lair of Beasts
 19549 | Lair:6   | Reached skill level 10 in Invocations
 19997 | Swamp:1  | Entered Level 1 of the Swamp
 20342 | Swamp:1  | Noticed Roxanne
 20948 | Swamp:2  | Reached XP level 15. HP: 134/134 MP: 21/21
 21168 | Swamp:2  | Reached skill level 15 in Armour
 21404 | Swamp:2  | Noticed Louise
 21422 | Swamp:2  | Killed Louise
 22305 | Swamp:3  | Got a pair of scorched gloves
 22316 | Swamp:3  | Identified the +2 pair of gloves of Eckiticw {-Tele rN+ rCorr Dex+2} (You found it on level 3 of the Swamp)
 22333 | Swamp:4  | Entered Level 4 of the Swamp
 22789 | Swamp:4  | Noticed Kirke
 22928 | Swamp:3  | Noticed a sphinx
 22928 | Swamp:3  | Killed Kirke
 23884 | Swamp:4  | Noticed an azure jelly
 23892 | Swamp:4  | Killed an azure jelly
 23947 | Swamp:4  | Noticed an azure jelly
 23953 | Swamp:4  | Killed an azure jelly
 24064 | Swamp:4  | Got a decaying rune of Zot
 24296 | Orc:1    | Entered Level 1 of the Orcish Mines
 24329 | Orc:1    | Found a roughly hewn altar of Beogh.
 24589 | Orc:2    | Entered Level 2 of the Orcish Mines
 24611 | Orc:2    | Found a staircase to the Elven Halls.
 24647 | Orc:2    | Noticed Snorg
 24654 | Orc:2    | Killed Snorg
 24670 | Orc:2    | Found a labyrinth entrance.
 24683 | Lab      | Entered a labyrinth
 24862 | Lab      | Gained mutation: You are partially covered in slimy green scales. (AC +2) [evolution]
 25249 | Orc:2    | Noticed Erolcha
 25258 | Orc:2    | Killed Erolcha
 25611 | Orc:2    | Reached XP level 16. HP: 93/146 MP: 23/23
 25803 | Orc:2    | Found Doazipro's Food Emporium.
 25897 | Orc:2    | Found Ysuweng's Gadget Boutique.
 25903 | Orc:2    | Bought a wand of hasting (5/9) for 702 gold pieces
 25903 | Orc:2    | Found Vuqagg's Magic Scroll Boutique.
 25905 | Orc:2    | Found Vumpa's Armour Emporium.
 25911 | Orc:2    | Bought a scroll of identify for 36 gold pieces
 26055 | D:13     | Found a gate to the Vaults.
 26662 | D:14     | Reached skill level 1 in Stealth
 27088 | D:14     | Got a pair of distressingly furry gloves
 27089 | D:14     | Identified the cursed +0 pair of gloves of the Solstice {+Fly rF+++ Str-4 Dex-2} (You found it on level 14 of the Dungeon)
 27715 | D:15     | Entered Level 15 of the Dungeon
 27967 | D:15     | Reached skill level 15 in Fighting
 28215 | D:15     | Noticed Sonja
 28350 | D:15     | Found a staircase to the Depths.
 28411 | D:15     | Killed Sonja
 28762 | D:15     | Got a pair of brightly glowing gloves
 28763 | D:15     | Identified the +0 pair of gloves of the Cicada {-Cast rElec Regen+ rCorr} (You found it on level 15 of the Dungeon)
 29132 | D:5      | Bought a jewelled chain mail for 285 gold pieces
 29132 | D:5      | Identified the +6 chain mail of Joy {SInv Stlth+} (You bought it in a shop on level 5 of the Dungeon)
 29351 | Elf:1    | Entered Level 1 of the Elven Halls
 29644 | Elf:1    | Found Jajalois's Jewellery Emporium.
 29663 | Elf:1    | Reached XP level 17. HP: 152/156 MP: 25/25
 30250 | Elf:1    | Reached skill level 5 in Stealth
 31041 | Elf:2    | Found Matt's Gadget Boutique.
 31041 | Elf:2    | Found Ymonuab's Jewellery Emporium.
 31042 | Elf:2    | Found Ihiefed's Gadget Boutique.
 31296 | Elf:2    | Found a huge runed gate.
 31296 | Elf:2    | Found a huge runed gate.
 31296 | Elf:2    | Found a huge runed gate.
 31296 | Elf:2    | Found a huge runed gate.
 31297 | Elf:2    | Found a huge runed gate.
 31858 | Elf:2    | Reached skill level 16 in Armour
 32784 | Elf:3    | Entered Level 3 of the Elven Halls
 32790 | Elf:3    | Noticed Saint Roka
 32917 | Elf:2    | Killed Saint Roka
 33211 | Elf:3    | Found Patis's Distillery.
 33308 | Elf:3    | Found Lotimes's Weapon Emporium.
 33409 | Elf:3    | Noticed a deep elf master archer
 33422 | Elf:3    | Killed a deep elf master archer
 33429 | Elf:3    | Noticed a deep elf blademaster
 33676 | Elf:3    | Found Qistrop Romea's Assorted Antiques.
 33693 | Elf:3    | Killed a deep elf blademaster
 33693 | Elf:3    | Reached XP level 18. HP: 140/168 MP: 26/26
 33840 | Elf:3    | Cast into level 3 of the Abyss (a deep elf demonologist)
 34487 | Abyss:3  | Reached skill level 17 in Armour
 34512 | Elf:3    | Escaped the Abyss
 34521 | Elf:3    | Got a smoking garnet amulet
 34617 | Elf:3    | Identified the amulet "Loicwoalosi" {+Rage rF+++ rN+ MR- Str-2} (You took it off a deep elf demonologist on level 3 of the Elven Halls)
 34658 | Elf:3    | Found a portal to a secret trove of treasure.
 35069 | Elf:3    | Got a transparent tin ring
 35071 | Elf:3    | Identified the ring of Royalty {Str+5 Int+2 Stlth+} (You took it off a deep elf sorcerer on level 3 of the Elven Halls)
 35083 | Elf:3    | Got a dazzling buckler
 35084 | Elf:3    | Identified the +0 buckler of Nimi {Dex+2} (You took it off a deep elf annihilator on level 3 of the Elven Halls)
 35124 | Elf:3    | Noticed an Ice Fiend
 35128 | Elf:3    | Noticed a Tzitzimitl
 35447 | Elf:3    | Found Urycviw's Antique Weapon Shoppe.
 35815 | Elf:3    | Identified the Volume of the Inquisitive Songs
 35896 | Elf:3    | Learned a level 6 spell: Statue Form
 36349 | Spider:1 | Entered Level 1 of the Spider Nest
 36377 | Spider:1 | Reached skill level 15 in Dodging
 36792 | Spider:2 | Noticed Agnes
 36810 | Spider:2 | Killed Agnes
 36869 | Spider:2 | Reached XP level 19. HP: 178/178 MP: 27/27
 36903 | Spider:2 | Noticed Arachne
 36927 | Spider:2 | Killed Arachne
 36927 | Spider:2 | Reached skill level 18 in Armour
 37160 | Spider:2 | Noticed Jorgrun
 37185 | Spider:2 | Killed Jorgrun
 37737 | Spider:2 | Reached skill level 10 in Stealth
 38298 | Spider:4 | Entered Level 4 of the Spider Nest
 39177 | Spider:4 | Got a gossamer rune of Zot
 39978 | Vaults:1 | Entered Level 1 of the Vaults
 39997 | Vaults:1 | Noticed coldbreeze's ghost (adept HOGl)
 40113 | Vaults:1 | Killed coldbreeze's ghost
 40304 | Vaults:1 | Reached skill level 1 in Transmutations
 40304 | Vaults:1 | Reached skill level 1 in Earth Magic
 41187 | Vaults:1 | Reached XP level 20. HP: 107/189 MP: 28/28
 41606 | Vaults:1 | Found a gateway to a bazaar.
 41631 | Bazaar   | Entered a bazaar
 41636 | Bazaar   | Found Wuzeylu's Weapon Emporium.
 41638 | Bazaar   | Found Vessoan's Jewellery Shop.
 41674 | Bazaar   | Found Coiqoqar's Jewellery Shoppe.
 41682 | Bazaar   | Found Efyfido's Armour Boutique.
 41765 | Bazaar   | Bought the ring "Xioc" {rPois MR+ SInv} for 441 gold pieces
 42536 | Vaults:2 | Noticed Xtahua
 42548 | Vaults:2 | Killed Xtahua
 43076 | Vaults:2 | Noticed Margery
 43100 | Vaults:2 | Reached skill level 5 in Earth Magic
 43126 | Vaults:2 | Killed Margery
 43126 | Vaults:2 | Reached skill level 5 in Transmutations
 43486 | Vaults:2 | Found Otumupu's Weapon Boutique.
 43591 | Vaults:2 | Noticed Asterion
 43602 | Vaults:2 | Killed Asterion
 44113 | Elf:3    | You paid a toll of a +5 demon trident to enter a treasure trove
 44114 | Trove    | Entered a treasure trove
 44123 | Trove    | Got a citrine-encrusted ring mail
 44138 | Trove    | Got a pitted arbalest
 44141 | Trove    | Identified the cursed +0 arbalest of Ydghenoge {flame, MR++ Int-2 SInv Stlth-} (You found it in a treasure trove)
 44142 | Trove    | Identified the +3 ring mail of the Learner {rCorr} (You found it in a treasure trove)
 45146 | Vaults:3 | Reached XP level 21. HP: 200/200 MP: 29/29
 45273 | Vaults:3 | Found a staircase to the Crypt.
 45454 | Vaults:3 | Lost mutation: Your mind is acute. (Int +2) [evolution]
 46472 | Vaults:4 | Noticed et2088's ghost (adept HOFi)
 46504 | Vaults:4 | Killed et2088's ghost
 46605 | Vaults:4 | Found Tunluod's Food Emporium.
 47831 | Depths:1 | Entered Level 1 of the Depths
 47865 | Depths:1 | Got a fine cloak
 47873 | Depths:1 | Identified the cursed +0 cloak of the Cockatrice {rPois} (You found it on level 1 of the Depths)
 47883 | Depths:1 | Found a one-way gate to the infinite horrors of the Abyss.
 47915 | Depths:1 | Found a magical portal.
 47925 | WizLab   | Entered Wucad Mu's Monastery
 48376 | Depths:1 | Reached skill level 19 in Armour
 48376 | Depths:1 | Reached XP level 22. HP: 211/211 MP: 30/30
 48396 | Depths:1 | Found a gateway to Hell.
 48425 | Depths:1 | Reached skill level 20 in Armour
 48887 | Depths:1 | Found a huge runed gate.
 48887 | Depths:1 | Found a huge runed gate.
 48887 | Depths:1 | Found a huge runed gate.
 48887 | Depths:1 | Found a huge runed gate.
 48887 | Depths:1 | Found a huge runed gate.
 48887 | Depths:1 | Found a huge runed gate.
 48888 | Depths:1 | Found a huge runed gate.
 48895 | Depths:1 | Found a huge runed gate.
 48895 | Depths:1 | Found a huge runed gate.
 48895 | Depths:1 | Found a huge runed gate.
 48895 | Depths:1 | Found a huge runed gate.
 48895 | Depths:1 | Found a huge runed gate.
 48896 | Depths:1 | Found a huge runed gate.
 48898 | Depths:1 | Found a huge runed gate.
 48899 | Depths:1 | Found a huge runed gate.
 48900 | Depths:1 | Found a huge runed gate.
 48909 | Depths:1 | Found a huge runed gate.
 48909 | Depths:1 | Found a huge runed gate.
 48909 | Depths:1 | Found a huge runed gate.
 48909 | Depths:1 | Found a huge runed gate.
 48909 | Depths:1 | Found a huge runed gate.
 48910 | Depths:1 | Found a huge runed gate.
 48910 | Depths:1 | Found a huge runed gate.
 48911 | Depths:1 | Found a huge runed gate.
 48912 | Depths:1 | Found a huge runed gate.
 49235 | Depths:1 | Identified Feady's Guide on Warped Curses
 49292 | Depths:1 | Reached XP level 23. HP: 209/217 MP: 31/31
 49511 | Depths:1 | Gained mutation: Scrolls take you a little longer to read. [a cacodemon]
 49757 | Depths:2 | Found an ancient bone altar of Kikubaaqudgha.
 49757 | Depths:2 | Found a hazy altar of Hepliaklqana.
 49758 | Depths:2 | Found a hazy altar of Hepliaklqana.
 49913 | Depths:2 | Reached skill level 21 in Armour
 50132 | Depths:2 | Gained mutation: Armour fits poorly on your strangely shaped body. [a shining eye]
 51063 | Depths:2 | Noticed a juggernaut
 51086 | Depths:2 | Killed a juggernaut
 51086 | Depths:2 | Reached skill level 22 in Armour
 51339 | Depths:2 | Reached skill level 10 in Transmutations
 51442 | Depths:2 | Reached skill level 10 in Earth Magic
 51622 | Depths:3 | Found Mioj's Assorted Antiques.
 51623 | Depths:3 | Noticed Frederick
 51839 | Depths:3 | Killed Frederick
 51858 | Depths:3 | Noticed Aizul
 51894 | Depths:3 | Noticed Sojobo
 51896 | Depths:3 | Killed Aizul
 51896 | Depths:3 | Reached XP level 24. HP: 179/225 MP: 31/31
 52226 | Depths:2 | Killed Sojobo
 52355 | Depths:3 | Found Banydune's Antique Armour Boutique.
 52360 | Depths:3 | Bought a pair of glowing boots for 178 gold pieces
 52425 | Depths:3 | Found a one-way gate leading to the halls of Pandemonium.
 52565 | Depths:3 | Found Wusutaz's Assorted Antiques.
 52807 | Depths:3 | Noticed a juggernaut
 52821 | Depths:3 | Killed a juggernaut
 52857 | Depths:3 | Gained mutation: You are partially covered in iridescent scales. (AC +2) [potion of beneficial mutation]
 52858 | Depths:3 | Gained mutation: Your muscles are strong. (Str +2) [potion of beneficial mutation]
 52859 | Depths:3 | Gained mutation: You have an increased reservoir of magic. (+10% MP) [potion of beneficial mutation]
 52996 | Depths:3 | Reached skill level 23 in Armour
 53013 | Depths:3 | Gained mutation: You have very sharp teeth. [evolution]
 53434 | Depths:3 | Got a faintly humming cloak
 53437 | Depths:3 | Identified the +1 cloak of Twilight {rN+} (You found it on level 3 of the Depths)
 53716 | Elf:3    | Bought a potion of experience for 650 gold pieces
 53716 | Elf:3    | Bought a potion of invisibility for 104 gold pieces
 53717 | Elf:3    | Reached XP level 25. HP: 235/235 MP: 34/34
 54086 | Depths:3 | Bought a scroll of acquirement for 2132 gold pieces
 54904 | Depths:4 | Cast into level 2 of the Abyss (hell knight)
 55104 | Abyss:2  | Found a corrupted altar of Lugonu.
 55479 | Abyss:2  | Found a roughly hewn altar of Beogh.
 55618 | Depths:4 | Escaped the Abyss
 55887 | Depths:4 | Noticed an ancient lich
 56271 | Depths:3 | Reached XP level 26. HP: 244/244 MP: 34/34
 56405 | Depths:3 | Killed an ancient lich
 56492 | Depths:4 | Learned a level 1 spell: Apportation
 56675 | Depths:4 | Identified Sif Muna's Disquisition on Weightlessness and Battle Magic
 57171 | Depths:5 | Entered Level 5 of the Depths
 57188 | Depths:5 | Found a gateway to a ziggurat.
 57345 | Depths:5 | Noticed a juggernaut
 57353 | Depths:5 | Killed a juggernaut
 57356 | Depths:5 | Noticed Mennas
 57390 | Depths:5 | Killed Mennas
 57847 | Depths:5 | Found a gate to the Realm of Zot.
 58220 | Depths:5 | Noticed the Enchantress
 58255 | Depths:5 | Killed the Enchantress
 58678 | Depths:5 | Got faerie dragon scales
 58681 | Depths:5 | Identified the +7 faerie dragon scales {Str+4} (You took it off the Enchantress on level 5 of the Depths)
 58730 | Hell     | Entered the Vestibule of Hell
 58730 | Hell     | Noticed Geryon
 58907 | Hell     | Killed Geryon
 59093 | Hell     | Found a gateway to the decaying netherworld of Tartarus.
 59157 | Hell     | Found a gateway to the ashen valley of Gehenna.
 59178 | Hell     | Reached XP level 27. HP: 178/249 MP: 34/34
 59389 | Hell     | Found a gateway to the Iron City of Dis.
 59451 | Hell     | Found a gateway to the freezing wastes of Cocytus.
 60032 | Depths:3 | Bought a scroll of recharging for 389 gold pieces
 60258 | Vaults:5 | Entered Level 5 of the Vaults
 60297 | Vaults:5 | Noticed Boris
 60309 | Vaults:5 | Killed Boris
 60330 | Vaults:5 | Reached skill level 5 in Evocations
 60968 | Vaults:5 | Noticed an ancient lich
 60968 | Vaults:5 | Noticed an ancient lich
 60987 | Vaults:5 | Killed an ancient lich
 60987 | Vaults:5 | Reached skill level 15 in Transmutations
 60987 | Vaults:5 | Reached skill level 15 in Earth Magic
 60993 | Vaults:5 | Killed an ancient lich
 61267 | Vaults:5 | Slain by a vault guard

Skill      XL: |  1  2  3  4  5  6  7  8  9 10 11 12 13 14 15 16 17 18 19 20 21 22 23 24 25 26 27 |
---------------+----------------------------------------------------------------------------------+-----
Long Blades    | 4 5 6 7 8 10 12 13 15 16 17 18 19 20 | 20.1
Fighting       | 3 4 5 7 8 10 12 14 15 16 17 18 19 20 21 | 21.1
Armour         | 1 2 3 5 6 8 9 11 12 13 14 15 16 17 18 19 20 22 23 | 23.1
Invocations    | 1 2 4 6 8 10 11 12 | 12.8
Evocations     | 2 3 7 |  7.2
Dodging        | 4 6 8 10 11 12 14 15 16 17 18 19 20 | 20.7
Stealth        | 4 7 9 10 12 | 12.3
Transmutations | 2 5 7 8 10 12 14 15 | 15.1
Earth Magic    | 2 6 7 8 10 11 14 15 | 15.1
Throwing       | |  2.0

Action                   |  1- 3 |  4- 6 |  7- 9 | 10-12 | 13-15 | 16-18 | 19-21 | 22-24 | 25-27 || total
-------------------------+-------+-------+-------+-------+-------+-------+-------+-------+-------++-------
Melee: Long sword        |    64 |   102 |       |   480 |  1399 |  1172 |   212 |       |       ||  3429
       Headbutt          |     9 |    31 |   100 |   214 |   612 |   574 |   526 |   353 |   515 ||  2934
       Short sword       |       |    29 |    87 |       |   110 |    41 |       |       |       ||   267
       Scimitar          |       |       |   359 |   154 |    62 |       |       |       |       ||   575
       Great sword       |       |       |       |    39 |       |   580 |  1490 |  1017 |  1283 ||  4409
       Unarmed           |       |       |       |       |     1 |       |       |       |       ||     1
       Bite              |       |       |       |       |       |       |       |    24 |   267 ||   291
Throw: Throwing net      |       |       |     6 |     5 |     1 |       |     1 |     2 |       ||    15
Invok: Shadow Step       |       |       |       |       |       |       |       |     1 |       ||     1
Evoke: Wand              |       |       |       |    19 |     2 |     2 |     5 |     1 |     7 ||    36
       Fan of gales      |       |       |       |       |       |       |     1 |       |     2 ||     3
  Use: Scroll            |     8 |     3 |     7 |    16 |    20 |    17 |     9 |     1 |    13 ||    94
       Potion            |       |       |       |       |     2 |     4 |     3 |     9 |     7 ||    25
 Stab: Sleeping          |     1 |     1 |       |     2 |       |     8 |    44 |    14 |    20 ||    90
       Distracted        |       |     1 |       |       |     2 |     4 |    14 |     7 |     6 ||    34
       Held in net/web   |       |       |     3 |     4 |     1 |       |     1 |     1 |       ||    10
  Eat: Chunk             |       |     7 |    13 |    22 |    36 |    33 |    36 |    19 |    17 ||   183
       Pizza             |       |       |       |       |     1 |       |       |       |       ||     1
       Royal jelly       |       |       |       |       |     3 |       |     1 |       |     1 ||     5
       Beef jerky        |       |       |       |       |       |     4 |     1 |       |     5 ||    10
Armor: Leather armour    |    16 |    10 |       |       |       |       |       |       |       ||    26
       Chain mail        |       |    33 |   137 |    10 |   132 |       |       |       |       ||   312
       Scale mail        |       |       |    24 |   238 |       |       |       |       |       ||   262
       Storm dragon scal |       |       |       |       |   392 |   530 |       |       |       ||   922
       Pearl dragon scal |       |       |       |       |       |    79 |   624 |   382 |   649 ||  1734
Dodge: Dodged            |    58 |    64 |   178 |   586 |  1311 |  1340 |  1554 |   902 |  1539 ||  7532
Block: Other             |     2 |    14 |       |       |       |       |       |       |       ||    16
       Rpst.: Long sword |    15 |    13 |       |    85 |   274 |   198 |    32 |       |       ||   617
       Scimitar          |       |       |    36 |    32 |     6 |       |       |       |       ||    74
       Great sword       |       |       |       |    10 |       |   110 |   253 |   145 |   267 ||   785
